 Dungeon Crawl Stone Soup version 0.20.1-1-g8b1a95d66d (webtiles) character file.

58 Sludgepup the Scratcher (level 3, -3/17 HPs)
             Began as a Felid Fighter on Nov 16, 2017.
             Slain by an orc priest
             ... wielding a +0 flail
              (4 damage)
             ... on level 3 of the Dungeon.
             The game lasted 00:04:55 (2508 turns).

Sludgepup the Scratcher (Felid Fighter)             Turns: 2508, Time: 00:04:56

Health: -3/17      AC:  1    Str: 12    XL:     3   Next: 76%
Magic:  4/4        EV: 20    Int:  9    God:
Gold:   173        SH:  0    Dex: 16    Spells: 2/2 levels left
                                        Lives:  0   Deaths: 1

rFire    . . .     SeeInvis +     - Unarmed
rCold    . . .     Gourm    .   (shield unavailable)
rNeg     . . .     Faith    .   (armour unavailable)
rPois    .         Spirit   .   (helmet unavailable)
rElec    .         Reflect  .   (cloak unavailable)
rCorr    .         Harm     .   (gloves unavailable)
MR       .....                  (boots unavailable)
Stlth    +++.......             h - amulet of magic regeneration
Regen    0.1/turn               (no ring)
MPRegen  0.2/turn               (no ring)

@: quick
A: no armour, no weapons or thrown items, stealth, claws 1, fangs 3, see
invisible, carnivore 3, speed 1, shaggy fur 1, slow metabolism 1, sharp paws
a: no special abilities


You were on level 3 of the Dungeon.
You were not hungry.

You visited 1 branch of the dungeon, and saw 3 of its levels.

You collected 173 gold pieces.

Inventory:

Jewellery
 h - an amulet of magic regeneration (around neck)
Scrolls
 c - a scroll of amnesia {unknown}
 d - 4 scrolls of remove curse {unknown}
 f - a scroll of magic mapping {unknown}
 g - 4 scrolls of identify {unknown}
 l - a scroll of fog {unknown}
 m - a scroll of enchant weapon {unknown}
Potions
 a - 3 potions of might
 e - a potion of heal wounds {unknown}
 i - a potion of berserk rage {unknown}
 j - a potion of resistance {unknown}
 k - a potion of lignification {unknown}
Comestibles
 b - a meat ration


   Skills:
 + Level 3.2 Fighting
 + Level 4.9 Dodging
 * Level 3.0 Stealth
 * Level 5.1 Unarmed Combat


You had 2 spell levels left.
You didn't know any spells.

Dungeon Overview and Level Annotations

Branches:
Dungeon (3/15)

Altars:


Innate Abilities, Weirdness & Mutations

You cannot wear armour.
You are incapable of wielding weapons or throwing items.
Your paws allow you to move quietly. (Stealth)
You have sharp claws.
You have razor-sharp teeth.
You have supernaturally acute eyesight. (SInv)
You are carnivorous and can eat meat at any time.
You cover ground quickly.
You are covered in fur. (AC +1)
You have a slow metabolism.
Your sharp claws are effective at attacking unaware monsters.


Message History

You completely miss the giant cockroach.
The giant cockroach completely misses you.
You scratch the rat.
You kill the rat!
The giant cockroach closely misses you.
You closely miss the ball python. The ball python bites you.
The ball python closely misses you. The giant cockroach barely misses you.
You claw the ball python!
You kill the ball python!
The giant cockroach closely misses you.
You scratch the giant cockroach.
The giant cockroach is moderately wounded.
The giant cockroach bites you.
The orc priest mumbles some strange prayers to Beogh against you.
Beogh smites you!
Ouch! That really hurt!
* * * LOW HITPOINT WARNING * * *
The giant cockroach completely misses you.
The orc priest hits you with a flail.
You die...

........#(#####.#......
........#.#######......
#########.............#
########...#...........#
.......................#
.....................(.#
.......................#
.......)....#########..#
.......@s...#......##..#
.......o?...#......###.#
............#......'.#..
............#......#.#..
............#†.....#'#(.
.........=..##o........#
.............'.........#
............##.........#
..... #.......#.#


You could see an orc priest and a giant cockroach.

Vanquished Creatures
  5 adders (D:2)
  3 dart slugs
  3 leopard geckos
  2 orcs (D:3)
  2 ball pythons
  3 giant cockroaches
  9 goblins
  6 hobgoblins
  6 jackals
  7 bats
  3 frilled lizards
  3 kobolds
  7 rats
59 creatures vanquished.

Notes
Turn   | Place    | Note
-------+----------+-------------------------------------------
     0 | D:1      | Sludgepup the Felid Fighter began the quest for the Orb.
     0 | D:1      | Reached XP level 1. HP: 10/10 MP: 2/2
   274 | D:1      | Reached XP level 2. HP: 11/14 MP: 3/3
   545 | D:1      | Reached skill level 1 in Stealth
   717 | D:1      | Reached XP level 3. HP: 17/17 MP: 4/4
  1436 | D:2      | Reached skill level 5 in Unarmed Combat
  1436 | D:2      | Reached XP level 4. HP: 21/21 MP: 5/5
  2483 | D:3      | Killed from afar by an orc priest
  2484 | D:3      | Reached XP level 3. HP: -7/17 MP: 4/4
  2508 | D:3      | Slain by an orc priest

Skill      XL: |  1  2  3  4 |
---------------+-------------+-----
Stealth        | 1 2 3 |  3.0
Unarmed Combat | 5 |  5.1
Fighting       | |  3.2
Dodging        | |  4.9

Action                   |  1- 3 |  4- 6 || total
-------------------------+-------+-------++-------
Melee: Unarmed           |   105 |    77 ||   182
       Bite              |    11 |     6 ||    17
  Use: Potion            |     1 |       ||     1
 Stab: Sleeping          |     5 |     1 ||     6
       Invisible         |     2 |       ||     2
  Eat: Chunk             |     8 |     1 ||     9
Armor: Skin              |    10 |     1 ||    11
Dodge: Dodged            |    86 |    80 ||   166
